 Dungeon Crawl Stone Soup version 0.26-a0-1107-g6118521029 (webtiles) character file.

Game seed: 3066060656384964667

2653 lordlovebone the Slicer (level 9, -21/70 HPs)
             Began as a Demigod Wanderer on Dec 16, 2020.
             Demolished by a boulder beetle (52 damage)
             ... on level 9 of the Dungeon.
             The game lasted 00:26:04 (12522 turns).

lordlovebone the Slicer (Demigod Wanderer)         Turns: 12522, Time: 00:26:04

Health: -21/70     AC: 12    Str: 24    XL:     9   Next: 14%
Magic:  11/11      EV:  5    Int: 17    God:
Gold:   155        SH:  3    Dex: 13    Spells: 8/8 levels left

rFire    . . .     SeeInvis +   a - +0 scimitar
rCold    . . .     Faith    .   K - +0 buckler "Gyasaefrownu" {rElec rPois Str+2 SInv}
rNeg     . . .     Spirit   .   v - +1 plate armour
rPois    +         Reflect  .   (no helmet)
rElec    +         Harm     .   j - scarf {repulsion}
rCorr    +         Rampage  .   (no gloves)
Will     .....                  (no boots)
Stlth    ..........             (no amulet)
HPRegen  0.21/turn              C - ring of resist corrosion
MPRegen  0.12/turn              (no ring)

@: studying Summonings, repel missiles
A: high mp 1
a: no special abilities


You were on level 9 of the Dungeon.
You visited 1 branch of the dungeon, and saw 8 of its levels.
You also visited: Ossuary.

You collected 347 gold pieces.
You spent 192 gold pieces at shops.

Inventory:

Hand Weapons
 a - a +0 scimitar (weapon)
 b - a +0 hunting sling
 w - a +0 dagger of holy wrath
 A - a +1 hand axe of electrocution
 I - a +1 dagger of protection
Missiles
 h - 175 stones
 k - 22 sling bullets
 l - 7 javelins (quivered)
Armour
 d - a +2 scale mail
 j - a scarf of repulsion (worn)
 v - a +1 plate armour (worn)
 K - the +0 buckler "Gyasaefrownu" (worn) {rElec rPois Str+2 SInv}
   (You found it on level 7 of the Dungeon)

   It affects your strength (+2).
   It insulates you from electricity.
   It protects you from poison.
   It lets you see invisible.
Jewellery
 C - a ring of resist corrosion (left hand)
Wands
 m - a wand of polymorph (9)
 y - a wand of acid (7)
Scrolls
 e - a scroll of enchant armour
 g - 5 scrolls of amnesia
 n - 3 scrolls of teleportation
 p - a scroll of noise
 s - 5 scrolls of remove curse
 t - a scroll of enchant weapon
 B - 2 scrolls of fog
 E - a scroll of vulnerability
 F - 3 scrolls of magic mapping
Potions
 f - a potion of resistance
 i - a potion of flight
 q - a potion of attraction
 r - a potion of degeneration {unknown}
 u - 3 potions of heal wounds
 z - 6 potions of curing
 D - a potion of magic {unknown}
 G - a potion of haste {unknown}
 H - a potion of invisibility {unknown}
Books
 c - a manual of Summonings


   Skills:
 - Level 3.6 Fighting
 - Level 10.3(10.7) Short Blades
 + Level 4.7(8.1) Long Blades
 - Level 1.7 Maces & Flails
 - Level 1.7 Throwing
 - Level 2.6 Armour


You had 8 spell levels left.
You didn't know any spells.
Your spell library was empty.

Dungeon Overview and Level Annotations

Branches:
Dungeon (7/15)             Temple (0/1) D:6         Ossuary (visited)

Shops:
D:4 !


Innate Abilities, Weirdness & Mutations

You have an increased reservoir of magic. (+10% MP)


Message History

You start waiting.
A boulder beetle is nearby!
You hit the boulder beetle but do no damage.
The boulder beetle is heavily wounded.
The boulder beetle bites you!
You hit the boulder beetle.
The boulder beetle is heavily wounded.
The boulder beetle bites you!!
You slash the boulder beetle!
The boulder beetle is severely wounded.
The boulder beetle bites you!
You are too injured to fight recklessly!
Unknown command.
The boulder beetle curls into a ball and begins rolling!
Unknown command.
Okay, then.
Okay, then.
The boulder beetle hits you!!!
Ouch! That really hurt!
You die...

...()#....
#.........
##....(....
##....(.....
##B(B...(....
##.#○..(....#.
##°####....(.#
#..°○........#
#.###.B@...##...
#..........# ###
#....#.....#.... .
#...##............
#.####...##.....o.
#. ##....###......
. #....))###.....
.......$..#......
.........))..?...


You could see a boulder beetle.

Vanquished Creatures
  Menkaure (D:5)
  2 ice beasts
  2 orc warriors
  2 sky beasts
  A phantom (D:5)
  3 ogres
  2 centaurs
  2 big kobolds (D:7)
  Blork the orc (D:3)
  A bullfrog (D:6)
  A wyvern zombie (D:6)
  5 scorpions
  4 hounds
  2 jellies (D:7)
  4 orc priests
  2 orc wizards
  4 worker ants
  9 big kobold zombies (Ossuary)
  A mummy (Ossuary)
  A worker ant zombie (D:6)
  A howler monkey zombie (D:5)
  A gnoll (D:1)
  12 adders
  A shadow imp (D:7)
  2 white imps (D:6)
  3 worms
  An adder skeleton (D:9)
  2 adder zombies
  A dart slug (D:2)
  3 leopard geckos
  18 orcs
  2 spectral bats (Ossuary)
  4 bats
  A giant cockroach (D:5)
  3 gnoll zombies (Ossuary)
  12 hobgoblins
  2 jackals (D:3)
  14 kobolds
  2 quokkas
  2 bat simulacra (Ossuary)
  4 frilled lizards
  4 goblins
  3 goblin simulacra (Ossuary)
  4 goblin zombies (Ossuary)
  6 hobgoblin zombies (Ossuary)
  3 jackal skeletons
  6 kobold simulacra (Ossuary)
  3 kobold zombies (Ossuary)
  5 orc zombies (Ossuary)
  5 rats
  5 rat simulacra (Ossuary)
  4 spectral goblins (Ossuary)
  3 spectral kobolds (Ossuary)
  2 spectral rats (Ossuary)
194 creatures vanquished.

Vanquished Creatures (others)
  2 spectral bats (Ossuary)
2 creatures vanquished.

Grand Total: 196 creatures vanquished

Notes
Turn   | Place    | Note
-------+----------+-------------------------------------------
     0 | D:1      | lordlovebone the Demigod Wanderer began the quest for the
                  | Orb.
     0 | D:1      | lordlovebone set off with the following items: a +0 club, a
                  | scroll of teleportation, a potion of lignification, a +2
                  | scale mail
     0 | D:1      | Reached XP level 1. HP: 18/18 MP: 3/3
   575 | D:2      | Reached XP level 2. HP: 9/26 MP: 4/4
  1201 | D:2      | Found a shadowy altar of Dithmenos.
  1325 | D:2      | Reached skill level 1 in Short Blades
  1325 | D:2      | Reached XP level 3. HP: 29/31 MP: 5/5
  1664 | D:2      | Reached skill level 2 in Short Blades
  3105 | D:1      | Reached XP level 4. HP: 26/39 MP: 6/6
  3624 | D:3      | Reached skill level 3 in Short Blades
  4252 | D:4      | Noticed Blork the orc
  4273 | D:3      | Killed Blork the orc
  4274 | D:3      | Reached skill level 4 in Short Blades
  4274 | D:3      | Reached XP level 5. HP: 21/45 MP: 7/7
  4730 | D:4      | Reached skill level 5 in Short Blades
  4852 | D:4      | Reached XP level 6. HP: 44/51 MP: 8/8
  5051 | D:4      | Found a sparkling altar of Nemelex Xobeh.
  5064 | D:4      | Found Byangel's Distillery.
  5067 | D:4      | Bought 2 potions of heal wounds for 120 gold pieces
  5067 | D:4      | Bought a potion of curing for 36 gold pieces
  5067 | D:4      | Bought a potion of curing for 36 gold pieces
  5330 | D:5      | Entered Level 5 of the Dungeon
  5634 | D:5      | Reached skill level 6 in Short Blades
  5806 | D:5      | Reached XP level 7. HP: 49/57 MP: 9/9
  5833 | D:5      | Found a sand-covered staircase.
  5894 | Ossuary  | Entered an ossuary
  6340 | Ossuary  | Reached skill level 7 in Short Blades
  7267 | D:5      | Noticed Menkaure
  7269 | D:5      | Killed Menkaure
  7270 | D:5      | Reached skill level 8 in Short Blades
  7438 | D:5      | Reached XP level 8. HP: 37/64 MP: 10/10
  7729 | D:5      | Identified a scroll of acquirement
  7730 | D:5      | Acquired a manual of Summonings
  8093 | D:6      | Reached skill level 9 in Short Blades
  8149 | D:6      | Found a broken altar of Ashenzari.
  8158 | D:6      | Found a shimmering blue altar of Sif Muna.
  8161 | D:6      | Found a hazy altar of Hepliaklqana.
  8180 | D:6      | Found a snail-covered altar of Cheibriados.
  8184 | D:6      | Found a sacrificial altar of Ru.
  8290 | D:6      | Found a hide-covered altar of Uskayaw.
  8400 | D:6      | Found a radiant altar of Vehumet.
 10362 | D:6      | Found a staircase to the Ecumenical Temple.
 10637 | D:6      | Reached skill level 10 in Short Blades
 11479 | D:7      | Reached skill level 1 in Long Blades
 11653 | D:7      | Got a bloodstained buckler
 11659 | D:7      | Identified the cursed +0 buckler "Gyasaefrownu" {rElec
                  | rPois Str+2 SInv} (You found it on level 7 of the Dungeon)
 11944 | D:7      | Found an opulent altar of Gozag.
 12026 | D:7      | Reached XP level 9. HP: 64/70 MP: 11/11
 12244 | D:7      | Found an iron altar of Okawaru.
 12309 | D:7      | You fall into a shaft and drop 2 floors!
 12489 | D:9      | Noticed a boulder beetle
 12522 | D:9      | Demolished by a boulder beetle

Illustrated notes

Levels and vault maps discovered:
D:1:      dpeg_arrival_rhombus, layout_basic
D:2:      layout_basic, lemuel_doored_altar
D:3:      layout_rooms
D:4:      layout_rooms, kennysheep_mini, serial_shops,
          nicolae_shop_behind_doors, uniq_blork_the_orc
D:5:      layout_basic, nicolae_ossuary_entry_false_entrances, uniq_menkaure
D:6:      layout_basic, vehumet_crystals, lemuel_round_altar,
          minmay_overflow_temple_star_hex, minmay_temple_entry_grid,
          grunt_decor_junction, hangedman_decor_clover_reticule
D:7:      layout_loops_corners, grunt_gozag_statues, okawaru_gym_becter,
          uniq_crazy_yiuf_cottage
D:9:      layout_cave_pools, hiddenorc1_lemuel, minmay_checkerbox

Skill      XL: |  1  2  3  4  5  6  7  8  9 |
---------------+----------------------------+-----
Fighting       | 3 |  3.6
Short Blades   | 1 2 4 5 6 8 10 | 10.3
Long Blades    | 3 4 |  4.7
Maces & Flails | |  1.7
Throwing       | |  1.7
Armour         | |  2.6

Action                   |  1- 3 |  4- 6 |  7- 9 || total
-------------------------+-------+-------+-------++-------
Melee: Club              |    87 |       |       ||    87
       Short sword       |    58 |       |       ||    58
       Rapier            |    23 |    47 |       ||    70
       Dagger            |       |   291 |   543 ||   834
       Scimitar          |       |       |   162 ||   162
       Hand axe          |       |       |    34 ||    34
 Fire: Hunting sling     |    50 |    68 |    24 ||   142
Throw: Stone             |     7 |       |       ||     7
       Javelin           |     5 |     7 |    31 ||    43
       Dart              |       |       |     4 ||     4
Evoke: Wand              |       |     1 |    17 ||    18
  Use: Potion            |     1 |     1 |     3 ||     5
       Scroll            |       |     9 |     7 ||    16
Armor: Scale mail        |    79 |     9 |       ||    88
       Skin              |     9 |    21 |       ||    30
       Plate armour      |       |   143 |   366 ||   509
Dodge: Dodged            |    94 |    57 |   136 ||   287
       Repelled          |     1 |     3 |     1 ||     5
Block: Buckler           |       |       |    14 ||    14
       Rpst.: Scimitar   |       |       |    10 ||    10

Table legend: (Time is in decaauts)
 A = Elapsed time spent in this place.
 B = Non-inter-level travel time spent in this place.
 C = Inter-level travel time spent in this place.
 D = Time resting spent in this place.
 E = Time spent auto-exploring this place.
 F = Levels seen in this place.
 G = Mean time per level.
                   A        B        C        D        E       F      G
               +--------+--------+--------+--------+--------+-----+--------+
         Total |  12306 |  11636 |    670 |   3741 |   5455 |   9 | 1367.3 |
       Dungeon |  11402 |  10732 |    670 |   3453 |   5091 |   8 | 1425.2 |
       Ossuary |    904 |    904 |      0 |    287 |    364 |   1 |  904.0 |
               +--------+--------+--------+--------+--------+-----+--------+

Top non-repeatable levels by time:
     D:5: 3019 daAuts
     D:2: 1806 daAuts
     D:6: 1724 daAuts
     D:1: 1453 daAuts
     D:3: 1187 daAuts
     D:4: 1108 daAuts
 Ossuary: 904 daAuts
     D:7: 885 daAuts
     D:9: 217 daAuts
